 Dungeon Crawl Stone Soup version 0.23-a0-344-ge122d05 (webtiles) character file.

141451 Gorice the Nimble (level 17, 0/135 HPs)
             Began as a Gnoll Wanderer on Oct 17, 2018.
             Was a High Priest of Okawaru.
             Succumbed to a nagaraja's poison arrow
             ... on level 4 of the Abyss on Oct 19, 2018.
             The game lasted 03:11:39 (36605 turns).

Gorice the Nimble (Gnoll Wanderer)                 Turns: 36605, Time: 03:11:40

Health: 0/135      AC: 21    Str: 16    XL:     17   Next: 33%
Magic:  21/25      EV: 22    Int: 14    God:    Okawaru [*****.]
Gold:   1330       SH:  0    Dex: 21    Spells: 38/38 levels left

rFire    + . .     SeeInvis .   a - +5 lajatang "Atzet" {slice, +Fly rF+ rN+ Dex+5}
rCold    . . .     Gourm    +   (shield currently unavailable)
rNeg     + + +     Faith    .   G - +3 chain mail "Kophal" {Slay+3}
rPois    .         Spirit   .   v - +0 helmet
rElec    .         Reflect  .   y - +2 cloak {MR+}
rCorr    .         Harm     .   W - +2 pair of gloves {Dex+3}
MR       ++...                  m - +1 pair of boots
Stlth    ++++......             t - amulet of the gourmand
HPRegen  0.00/turn              S - +3 ring of slaying
MPRegen  0.19/turn              E - ring "Ulumn" {rN++ EV+3}

@: lethally poisoned (0 -> -31), heroism, finesse, corroded, very slightly
contaminated, non-regenerating, diseased, studying Armour
A: distributed training, fangs 1, [blurry vision 3], [clumsy 2], [deterioration
1], [low mp 2], [screaming 3], [inhibited regeneration], [weak 2], strong nose
a: Heroism, Finesse, Renounce Religion, Evoke Flight


You were on level 4 of the Abyss.
You worshipped Okawaru.
Okawaru was extremely pleased with you.
You were very full.

You visited 5 branches of the dungeon, and saw 28 of its levels.
You visited the Abyss 1 time.
You also visited: Sewer and Bailey.

You collected 3178 gold pieces.
You spent 1848 gold pieces at shops.

Inventory:

Hand Weapons
 a - the +5 lajatang "Atzet" (weapon) {slice, +Fly rF+ rN+ Dex+5}
   (Okawaru gifted it to you on level 6 of the Lair of Beasts)

   It inflicts extra damage upon your enemies.
   It affects your dexterity (+5).
   It protects you from fire.
   It protects you from negative energy.
   It lets you fly.
 b - a +0 longbow of venom
   (You found it on level 2 of the Dungeon)
 e - the +2 long sword of Recklessness {speed, rElec MP-9 Str+4}
   (You found it on level 10 of the Dungeon)

   Attacks with this weapon are significantly faster.
   It affects your strength (+4).
   It insulates you from electricity.
   It affects your magic capacity (-9).
 B - a +5 blowgun
 F - a +1 arbalest of velocity
   (Okawaru gifted it to you on level 4 of the Spider Nest)
Missiles
 A - 14 curare-tipped needles
 H - 383 arrows
 Z - a throwing net (quivered) {!f}
Armour
 m - a +1 pair of boots (worn)
 v - a +0 helmet (worn)
 y - a +2 cloak of magic resistance (worn)
   (You found it on level 12 of the Dungeon)
 G - the +3 chain mail "Kophal" (worn) {Slay+3}
   (You found it on level 6 of the Lair of Beasts)

   It affects your accuracy and damage with ranged weapons and melee attacks
   (+3).
 O - a +2 plate armour of fire resistance
   (You found it on level 4 of the Abyss)
 W - a +2 pair of gloves of dexterity (worn)
   (Okawaru gifted it to you on level 3 of the Lair of Beasts)
Jewellery
 c - an uncursed ring of protection from cold
 i - an uncursed ring of see invisible
 p - an uncursed ring of poison resistance
 t - an amulet of the gourmand (around neck)
 C - an uncursed ring of resist corrosion
 E - the ring "Ulumn" (right hand) {rN++ EV+3}
   (You found it on level 6 of the Dungeon)

   [ring of evasion]

   It affects your evasion (+3).
   It greatly protects you from negative energy.
 S - a +3 ring of slaying (left hand)
Wands
 h - a wand of enslavement (33)
 n - a wand of iceblast (16)
 s - a wand of disintegration (11)
 D - a wand of digging (15)
 I - a wand of clouds (3)
 L - a wand of flame (20)
 M - a wand of acid (6)
 X - a wand of paralysis (8)
Scrolls
 d - a scroll of summoning {!r}
 j - 11 scrolls of teleportation {!r}
 k - 4 scrolls of fog
 r - 4 scrolls of remove curse
 K - 3 scrolls of magic mapping {!r}
 N - a scroll of fear {!r}
 T - 8 scrolls of identify
Potions
 o - 15 potions of curing
 q - 3 potions of resistance {!q}
 u - 4 potions of might {!q}
 w - 2 potions of haste {!q}
 J - 2 potions of invisibility {!q}
 U - 3 potions of agility {!q}
Books
 g - a manual of Armour {!d}
Miscellaneous
 Q - 2 sacks of spiders
 R - a box of beasts
Comestibles
 f - 46 rations


   Skills:
 + Level 12.7(17.7) Fighting
 + Level 11.2(16.2) Short Blades
 + Level 11.2(16.2) Long Blades
 + Level 11.2(16.2) Axes
 + Level 11.2(16.2) Maces & Flails
 + Level 11.2(16.2) Polearms
 + Level 12.0(17.0) Staves
 + Level 11.2(16.2) Slings
 + Level 11.2(16.2) Bows
 + Level 11.2(16.2) Crossbows
 + Level 11.5(16.5) Throwing
 + Level 12.7(17.7) Armour
 + Level 12.7(17.7) Dodging
 + Level 11.2(16.2) Stealth
 + Level 11.5(16.5) Shields
 + Level 11.2(16.2) Unarmed Combat
 + Level 11.2 Spellcasting
 + Level 9.6 Conjurations
 + Level 9.6 Hexes
 + Level 9.6 Charms
 + Level 9.6 Summonings
 + Level 9.6 Necromancy
 + Level 9.6 Translocations
 + Level 9.6 Transmutations
 + Level 9.6 Fire Magic
 + Level 9.6 Ice Magic
 + Level 9.6 Air Magic
 + Level 9.6 Earth Magic
 + Level 9.6 Poison Magic
 + Level 12.2 Invocations
 + Level 11.2 Evocations


You had 38 spell levels left.
You didn't know any spells.
Your spell library contained the following spells:

 Spells                   Type           Power        Failure   Level  Hunger
 Animate Skeleton         Necr           N/A          1%          1    None
 Apportation              Tloc           ####..       1%          1    None
 Confusing Touch          Hex            ####..       1%          1    None
 Pain                     Necr           ####         1%          1    None
 Shock                    Conj/Air       ####         1%          1    None
 Summon Butterflies       Summ           ####....     1%          1    None
 Summon Small Mammal      Summ           ####         1%          1    None
 Sublimation of Blood     Necr           ####......   1%          2    None
 Swiftness                Chrm/Air       ####....     1%          2    None
 Throw Flame              Conj/Fire      ####..       1%          2    None
 Lesser Beckoning         Tloc           ####......   3%          3    None
 Regeneration             Chrm/Necr      ####......   3%          3    None
 Static Discharge         Conj/Air       ####....     3%          3    None
 Tukima's Dance           Hex            ####....     3%          3    None
 Vampiric Draining        Necr           ####......   3%          3    None
 Airstrike                Air            ####......   11%         4    ###....
 Animate Dead             Necr           N/A          11%         4    ###....
 Ice Form                 Ice/Tmut       ####....     11%         4    ###....
 Alistair's Intoxication  Tmut/Pois      ####....     30%         5    #####..
 Borgnjor's Vile Clutch   Necr/Erth      ####......   30%         5    #####..
 Irradiate                Conj/Tmut      ####......   30%         5    #####..
 Lightning Bolt           Conj/Air       ####......   30%         5    #####..
 Metabolic Englaciation   Hex/Ice        ####......   30%         5    #####..
 Bolt of Cold             Conj/Ice       ####......   86%         6    ######.
 Freezing Cloud           Conj/Ice/Air   ####......   86%         6    ######.
 Hydra Form               Tmut           ####......   86%         6    ######.
 Invisibility             Hex            ####....     86%         6    ######.
 Ozocubu's Refrigeration  Ice            ####......   86%         6    ######.
 Simulacrum               Ice/Necr       ####......   86%         6    ######.
 Statue Form              Tmut/Erth      ####.....    86%         6    ######.
 Dragon Form              Tmut           ####......   100%        7    #######


Dungeon Overview and Level Annotations

Branches:
Dungeon (15/15)            Temple (1/1) D:6            Lair (6/6) D:10
 Shoals (0/4) Lair:3       Spider (4/4) Lair:3        Slime (0/5) Lair:5
    Orc (2/2) D:11            Elf (0/3) Orc:2        Vaults (0/5) D:13
 Depths (0/5) D:15

Altars:
Ashenzari
Cheibriados
Dithmenos
Elyvilon
Fedhas
Gozag
Hepliaklqana
Kikubaaqudgha
Makhleb
Nemelex Xobeh
Okawaru
Qazlal
Ru
Sif Muna
Trog
Uskayaw
Vehumet
Wu Jian
Xom
Yredelemnul
Zin
The Shining One
Jiyva

Shops:
D:11 ?   D:14 (   Orc:2 ?*(:

Annotations:
D:1 entrance vault has 4hh & anacond behind trees
Lair:1 vpUX: oklob guarding loot, exclusion: oklob plant
Lair:2 vpUX: oklob guarding cave entrance, exclusion: oklob plant
Lair:4 3 runed doors, Xodoxeg's ghost, journeyman NaWz
Lair:5 1 runed door
Spider:4 exclusion: 2 doors


Innate Abilities, Weirdness & Mutations

Your experience applies equally to all skills.
You have very sharp teeth.
Your uncanny sense of smell can sniff out nearby items.
[Scrolls take you much longer to read.]
[You are very clumsy. (Dex -4)]
[Your body sometimes deteriorates upon taking damage.]
[Your magical capacity is very low. (-20% MP)]
[You frequently scream uncontrollably at your foes.]
[You do not regenerate when monsters are visible.]
[You are very weak. (Str -4)]


Message History

You begin reading the scroll.
You continue reading the scroll.
The nagaraja barely misses you. The nagaraja constricts you.
The deep elf mage casts a spell.
The deep elf mage blinks!
The deep elf mage mumbles some strange words.
The deep elf mage blinks!
The entropy weaver hits you!
* * * LOW HITPOINT WARNING * * *
The entropy weaver hits you but does no damage. x2
The entropy weaver misses you.
A deafening chorus of shrieks assaults your mind!
* * * LOW HITPOINT WARNING * * *
The nagaraja closely misses you.
* * * LOW HITPOINT WARNING * * *
The nagaraja constricts you.
You continue reading the scroll.
The deep elf mage casts a spell.
The deep elf mage mumbles some strange words.
The deep elf mage blinks!
The entropy weaver hits you but does no damage.
The entropy weaver misses you. x3
The nagaraja points at you and mumbles some strange words.
The poison arrow hits you!
You are lethally poisoned!
* * * LOW HITPOINT WARNING * * *
The nagaraja constricts you.
Blink to where?
Press: ? - help, Dir - move target cursor, f - you, p - entropy weaver Are you sure you want to cancel this blink?
Blink to where?
Press: ? - help, Dir - move target cursor, f - you Are you sure you want to cancel this blink? [Y]es or [N]o only, please.
Are you sure you want to cancel this blink? [Y]es or [N]o only, please.
Are you sure you want to cancel this blink? [Y]es or [N]o only, please.
Are you sure you want to cancel this blink?
Blink to where?
Press: ? - help, Dir - move target cursor You escape the nagaraja's grasp.
You are very lightly contaminated with residual magic.
As you read the scroll of blinking, it crumbles to dust.
Damage: 25 (max 25)
Okay, then.
Evoke which item? (* to show all) (? for menu, Esc to quit)
Aiming: Paralyse
Press: ? - help, Shift-Dir - straight line, f - entropy weaver
Aim: an entropy weaver (severely wounded, chance to defeat MR: 40%)
The entropy weaver suddenly stops moving!
You die...
XYX .## xe#..φ# xxXX.#

##N*XX##
#§#
#a###
##'.#
#..+ #@#
###


You could see an entropy weaver (paralysed).

Vanquished Creatures
  A bone dragon (Abyss:4)
  Asterion (Spider:1)
  Roxanne (Spider:2)
  2 ghost moths (Spider:3)
  Louise (D:15)
  A spark wasp (Spider:3)
  Azrael (Orc:2)
  A fire dragon (D:15)
  A rakshasa (Abyss:4)
  8 vault guards
  An ice dragon (D:15)
  2 centaur warriors
  3 hydras
  A death knight (D:12)
  A two-headed ogre (D:8)
  An ogre mage (D:14)
  A tengu warrior (D:14)
  A queen ant (Lair:3)
  Urug (Lair:5)
  A thrashing horror (Abyss:4)
  5 orc high priests (Orc:2)
  4 death yaks (Lair:6)
  Sonja (D:13)
  2 wretched stars (Abyss:4)
  An unseen horror (D:10)
  5 large abominations (Abyss:4)
  A wizard (D:15)
  A phantasmal warrior (D:12)
  21 ugly things
  22 wolf spiders
  2 deep elf magi (D:15)
  A manticore (D:14)
  An orc sorcerer (Orc:2)
  11 orb spiders
  9 orc knights
  4 cyclopes
  2 moths of wrath
  8 black mambas
  A merfolk siren (Lair:3)
  A torpor snail (Lair:5)
  3 guardian serpents
  A smoke demon (Abyss:4)
  2 centaur zombies
  A gargoyle (D:14)
  17 spiny frogs
  A rime drake (Lair:3)
  9 demonic crawlers
  An efreet (D:14)
  5 komodo dragons
  3 kobold demonologists
  2 freezing wraiths (D:12)
  A tengu conjurer (D:14)
  A tormentor (Abyss:4)
  8 trolls
  A meliai (D:13)
  24 jumping spiders
  3 polar bears (Lair:1)
  10 hornets
  9 dream sheep
  2 hippogriffs
  4 raiju (Abyss:4)
  4 blink frogs (Lair:3)
  68 redbacks
  11 wyverns
  A spriggan (D:7)
  A wyvern (shapeshifter) (D:15)
  27 tarantellas
  A ynoxinul (Abyss:4)
  4 fire elementals (Orc:2)
  34 yaks
  Eustachio (D:5)
  3 vampire mosquitoes (D:14)
  A wraith (D:14)
  9 basilisks
  4 hungry ghosts
  3 small abominations (Abyss:4)
  A warg (Orc:1)
  An acid dragon (D:13)
  23 soldier ants
  5 hell hounds
  16 water moccasins
  4 porcupines
  4 black bears (Lair:1)
  5 sky beasts
  48 orc warriors
  3 ice beasts
  An eye of draining (D:10)
  8 phantoms
  15 ogres
  10 centaurs
  10 crocodiles
  4 big kobolds
  11 bullfrogs
  A gnoll sergeant (Orc:1)
  A wyvern zombie (D:13)
  A wyvern skeleton (D:6)
  4 scorpions
  18 wights
  2 howler monkeys
  2 electric eels
  7 crimson imps
  4 bullfrog zombies
  4 starcursed masses (Abyss:4)
  2 bullfrog skeletons
  4 jellies
  34 orc priests
  8 hounds
  20 orc wizards
  6 centaur skeletons
  Ijyb (D:5)
  Terence (D:1)
  An iguana (D:7)
  27 worker ants
  A hound zombie (D:10)
  A howler monkey zombie (D:8)
  10 gnolls
  3 river rats
  10 adders
  2 shadow imps
  An ufetubus (Abyss:4)
  2 oozes
  An adder skeleton (D:9)
  An adder zombie (D:7)
  3 worms (D:2)
  A dart slug (D:1)
  4 leopard geckos
  92 orcs
  7 giant cockroaches
  11 goblins
  8 hobgoblins
  9 jackals
  6 quokkas
  3 ball pythons
  9 bats
  6 frilled lizards
  15 kobolds
  13 rats
  A lurking horror (Abyss:4)
  A plant (Lair:6)
952 creatures vanquished.

Vanquished Creatures (others)
  An orc wizard (D:8)
  12 fungi
  8 plants
21 creatures vanquished.

Grand Total: 973 creatures vanquished

Notes
Turn   | Place    | Note
-------+----------+-------------------------------------------
     0 | D:1      | Gorice the Gnoll Wanderer began the quest for the Orb.
     0 | D:1      | Gorice set off with: a +2 quarterstaff, a potion of curing,
                  | a potion of lignification {!q}, a +0 robe, a ration
     0 | D:1      | Reached XP level 1. HP: 23/23 MP: 1/1
     4 | D:1      | Noticed an anaconda
     7 | D:1      | Noticed a four-headed hydra
    55 | D:1      | Reached XP level 2. HP: 27/29 MP: 2/2
   411 | D:1      | Reached XP level 3. HP: 31/35 MP: 3/3
   747 | D:1      | --entrance vault has 2 monsters behind trees/glass
   840 | D:2      | Noticed Terence
   844 | D:2      | Reached skill level 1 in Invocations
   974 | D:1      | Killed Terence
   974 | D:1      | Reached skill level 1 in Short Blades
   974 | D:1      | Reached skill level 1 in Long Blades
   974 | D:1      | Reached skill level 1 in Axes
   974 | D:1      | Reached skill level 1 in Maces & Flails
   974 | D:1      | Reached skill level 1 in Polearms
   974 | D:1      | Reached skill level 1 in Slings
   974 | D:1      | Reached skill level 1 in Bows
   974 | D:1      | Reached skill level 1 in Crossbows
   974 | D:1      | Reached skill level 1 in Armour
   974 | D:1      | Reached skill level 1 in Stealth
   974 | D:1      | Reached skill level 1 in Unarmed Combat
   974 | D:1      | Reached skill level 1 in Spellcasting
   974 | D:1      | Reached skill level 1 in Evocations
   974 | D:1      | Reached XP level 4. HP: 32/41 MP: 5/5
  1104 | D:2      | Reached skill level 1 in Conjurations
  1104 | D:2      | Reached skill level 1 in Hexes
  1104 | D:2      | Reached skill level 1 in Charms
  1104 | D:2      | Reached skill level 1 in Summonings
  1104 | D:2      | Reached skill level 1 in Necromancy
  1104 | D:2      | Reached skill level 1 in Translocations
  1104 | D:2      | Reached skill level 1 in Transmutations
  1104 | D:2      | Reached skill level 1 in Fire Magic
  1104 | D:2      | Reached skill level 1 in Ice Magic
  1104 | D:2      | Reached skill level 1 in Air Magic
  1104 | D:2      | Reached skill level 1 in Earth Magic
  1104 | D:2      | Reached skill level 1 in Poison Magic
  1220 | D:2      | Reached XP level 5. HP: 44/47 MP: 6/6
  1682 | D:3      | Reached skill level 3 in Throwing
  1682 | D:3      | Reached skill level 3 in Shields
  1847 | D:3      | Found a white marble altar of Elyvilon.
  2061 | D:4      | Reached skill level 2 in Invocations
  2061 | D:4      | Reached XP level 6. HP: 53/53 MP: 8/8
  2084 | D:4      | Found a glowing golden altar of the Shining One.
  2086 | D:4      | Noticed an angel
  2112 | D:4      | Found a basalt altar of Yredelemnul.
  2116 | D:4      | Noticed a profane servitor
  2155 | D:4      | Noticed a phantom
  2170 | D:4      | Killed a phantom
  2170 | D:4      | Reached skill level 2 in Short Blades
  2170 | D:4      | Reached skill level 2 in Long Blades
  2170 | D:4      | Reached skill level 2 in Axes
  2170 | D:4      | Reached skill level 2 in Maces & Flails
  2170 | D:4      | Reached skill level 2 in Polearms
  2170 | D:4      | Reached skill level 5 in Staves
  2170 | D:4      | Reached skill level 2 in Slings
  2170 | D:4      | Reached skill level 2 in Bows
  2170 | D:4      | Reached skill level 2 in Crossbows
  2170 | D:4      | Reached skill level 2 in Armour
  2170 | D:4      | Reached skill level 2 in Stealth
  2170 | D:4      | Reached skill level 2 in Unarmed Combat
  2170 | D:4      | Reached skill level 2 in Spellcasting
  2170 | D:4      | Reached skill level 2 in Evocations
  2570 | D:4      | Noticed a phantom
  2613 | D:4      | Killed a phantom
  2613 | D:4      | Reached XP level 7. HP: 50/59 MP: 10/10
  2620 | D:4      | Reached skill level 7 in Fighting
  2620 | D:4      | Reached skill level 7 in Dodging
  2690 | D:4      | Reached skill level 2 in Conjurations
  2690 | D:4      | Reached skill level 2 in Hexes
  2690 | D:4      | Reached skill level 2 in Charms
  2690 | D:4      | Reached skill level 2 in Summonings
  2690 | D:4      | Reached skill level 2 in Necromancy
  2690 | D:4      | Reached skill level 2 in Translocations
  2690 | D:4      | Reached skill level 2 in Transmutations
  2690 | D:4      | Reached skill level 2 in Fire Magic
  2690 | D:4      | Reached skill level 2 in Ice Magic
  2690 | D:4      | Reached skill level 2 in Air Magic
  2690 | D:4      | Reached skill level 2 in Earth Magic
  2690 | D:4      | Reached skill level 2 in Poison Magic
  3346 | D:4      | Reached skill level 3 in Invocations
  3470 | D:4      | Reached XP level 8. HP: 59/67 MP: 12/12
  3507 | D:4      | Found a stormy altar of Qazlal.
  3507 | D:4      | Found an opulent altar of Gozag.
  3512 | D:4      | Found a faded altar of an unknown god.
  3514 | D:4      | Found a radiant altar of Vehumet.
  3516 | D:4      | Found an ancient bone altar of Kikubaaqudgha.
  3594 | D:5      | Entered Level 5 of the Dungeon
  3834 | D:5      | Reached skill level 3 in Short Blades
  3834 | D:5      | Reached skill level 3 in Long Blades
  3834 | D:5      | Reached skill level 3 in Axes
  3834 | D:5      | Reached skill level 3 in Maces & Flails
  3834 | D:5      | Reached skill level 3 in Polearms
  3834 | D:5      | Reached skill level 3 in Slings
  3834 | D:5      | Reached skill level 3 in Bows
  3834 | D:5      | Reached skill level 3 in Crossbows
  3834 | D:5      | Reached skill level 4 in Throwing
  3834 | D:5      | Reached skill level 3 in Armour
  3834 | D:5      | Reached skill level 3 in Stealth
  3834 | D:5      | Reached skill level 4 in Shields
  3834 | D:5      | Reached skill level 3 in Unarmed Combat
  3834 | D:5      | Reached skill level 3 in Spellcasting
  3834 | D:5      | Reached skill level 3 in Evocations
  3897 | D:5      | Found a glowing drain.
  3923 | Sewer    | Entered a sewer
  4405 | D:5      | Found a glowing golden altar of the Shining One.
  4517 | D:5      | Noticed Eustachio
  4534 | D:5      | Killed Eustachio
  4534 | D:5      | Reached skill level 3 in Conjurations
  4534 | D:5      | Reached skill level 3 in Hexes
  4534 | D:5      | Reached skill level 3 in Charms
  4534 | D:5      | Reached skill level 3 in Summonings
  4534 | D:5      | Reached skill level 3 in Necromancy
  4534 | D:5      | Reached skill level 3 in Translocations
  4534 | D:5      | Reached skill level 3 in Transmutations
  4534 | D:5      | Reached skill level 3 in Fire Magic
  4534 | D:5      | Reached skill level 3 in Ice Magic
  4534 | D:5      | Reached skill level 3 in Air Magic
  4534 | D:5      | Reached skill level 3 in Earth Magic
  4534 | D:5      | Reached skill level 3 in Poison Magic
  4534 | D:5      | Reached skill level 4 in Invocations
  4703 | D:5      | Noticed Ijyb
  4735 | D:5      | Killed Ijyb
  4987 | D:6      | Got an ancient turquoise ring
  4988 | D:6      | Identified the ring "Ulumn" {rN++ EV+3} (You found it on
                  | level 6 of the Dungeon)
  5005 | D:6      | Reached skill level 6 in Staves
  5005 | D:6      | Reached XP level 9. HP: 60/72 MP: 14/14
  5192 | D:6      | Found a staircase to the Ecumenical Temple.
  5200 | D:6      | Upgraded the game from 0.23-a0-335-gba3dfdf to
                  | 0.23-a0-338-g8ff0b24
  5201 | Temple   | Entered the Ecumenical Temple
  5403 | Temple   | Became a worshipper of Warmaster Okawaru
  5595 | D:6      | Found a sparkling altar of Nemelex Xobeh.
  5721 | D:6      | Reached skill level 4 in Short Blades
  5721 | D:6      | Reached skill level 4 in Long Blades
  5721 | D:6      | Reached skill level 4 in Axes
  5721 | D:6      | Reached skill level 4 in Maces & Flails
  5721 | D:6      | Reached skill level 4 in Polearms
  5721 | D:6      | Reached skill level 4 in Slings
  5721 | D:6      | Reached skill level 4 in Bows
  5721 | D:6      | Reached skill level 4 in Crossbows
  5721 | D:6      | Reached skill level 4 in Armour
  5721 | D:6      | Reached skill level 4 in Stealth
  5721 | D:6      | Reached skill level 4 in Unarmed Combat
  5721 | D:6      | Reached skill level 4 in Spellcasting
  5721 | D:6      | Reached skill level 4 in Evocations
  5822 | D:6      | Found a shimmering altar of Xom.
  5829 | D:6      | Found an ornate altar of the Wu Jian Council.
  5917 | D:7      | Reached skill level 5 in Throwing
  5917 | D:7      | Reached skill level 5 in Shields
  6150 | D:7      | Reached * piety under Okawaru
  6154 | D:7      | Reached skill level 8 in Fighting
  6154 | D:7      | Reached skill level 8 in Dodging
  6405 | D:7      | Reached skill level 5 in Invocations
  6435 | D:7      | Found a shadowy altar of Dithmenos.
  7080 | D:8      | Reached XP level 10. HP: 77/80 MP: 17/17
  7198 | D:8      | Reached skill level 4 in Conjurations
  7198 | D:8      | Reached skill level 4 in Hexes
  7198 | D:8      | Reached skill level 4 in Charms
  7198 | D:8      | Reached skill level 4 in Summonings
  7198 | D:8      | Reached skill level 4 in Necromancy
  7198 | D:8      | Reached skill level 4 in Translocations
  7198 | D:8      | Reached skill level 4 in Transmutations
  7198 | D:8      | Reached skill level 4 in Fire Magic
  7198 | D:8      | Reached skill level 4 in Ice Magic
  7198 | D:8      | Reached skill level 4 in Air Magic
  7198 | D:8      | Reached skill level 4 in Earth Magic
  7198 | D:8      | Reached skill level 4 in Poison Magic
  7299 | D:8      | Reached ** piety under Okawaru
  7307 | D:8      | Reached skill level 5 in Short Blades
  7307 | D:8      | Reached skill level 5 in Long Blades
  7307 | D:8      | Reached skill level 5 in Axes
  7307 | D:8      | Reached skill level 5 in Maces & Flails
  7307 | D:8      | Reached skill level 5 in Polearms
  7307 | D:8      | Reached skill level 5 in Slings
  7307 | D:8      | Reached skill level 5 in Bows
  7307 | D:8      | Reached skill level 5 in Crossbows
  7307 | D:8      | Reached skill level 5 in Armour
  7307 | D:8      | Reached skill level 5 in Stealth
  7307 | D:8      | Reached skill level 5 in Unarmed Combat
  7307 | D:8      | Reached skill level 5 in Spellcasting
  7307 | D:8      | Reached skill level 5 in Evocations
  7385 | D:8      | Noticed a two-headed ogre
  7408 | D:8      | Killed a two-headed ogre
  7408 | D:8      | Reached *** piety under Okawaru
  7408 | D:8      | Reached skill level 7 in Staves
  7484 | D:8      | Found a sacrificial altar of Ru.
  7793 | D:9      | Reached skill level 6 in Throwing
  7793 | D:9      | Reached skill level 6 in Shields
  8196 | D:9      | Got a faintly glowing leather armour
  8379 | D:10     | Entered Level 10 of the Dungeon
  8401 | D:9      | Reached skill level 6 in Invocations
  8650 | D:10     | Got an encrusted long sword
  8690 | D:10     | Paralysed by a hornet for 1 turns
  8923 | D:10     | Reached XP level 11. HP: 42/87 MP: 19/19
  9143 | D:10     | Noticed an unseen horror
  9168 | D:10     | Killed an unseen horror
  9168 | D:10     | Reached **** piety under Okawaru
  9172 | D:10     | Received a gift from Okawaru
  9523 | D:10     | Found a staircase to the Lair.
  9646 | D:10     | Reached skill level 9 in Fighting
  9646 | D:10     | Reached skill level 9 in Dodging
  9670 | D:10     | Reached skill level 6 in Short Blades
  9670 | D:10     | Reached skill level 6 in Long Blades
  9670 | D:10     | Reached skill level 6 in Axes
  9670 | D:10     | Reached skill level 6 in Maces & Flails
  9670 | D:10     | Reached skill level 6 in Polearms
  9670 | D:10     | Reached skill level 6 in Slings
  9670 | D:10     | Reached skill level 6 in Bows
  9670 | D:10     | Reached skill level 6 in Crossbows
  9670 | D:10     | Reached skill level 6 in Armour
  9670 | D:10     | Reached skill level 6 in Stealth
  9670 | D:10     | Reached skill level 6 in Unarmed Combat
  9670 | D:10     | Reached skill level 6 in Spellcasting
  9670 | D:10     | Reached skill level 6 in Evocations
  9773 | D:10     | Received a gift from Okawaru
  9832 | D:10     | Identified the cursed +0 leather armour "Raut Umm" {rPois
                  | MR+ MP-9} (You found it on level 9 of the Dungeon)
  9832 | D:10     | Identified the cursed +2 long sword of Recklessness {speed,
                  | rElec MP-9 Str+4} (You found it on level 10 of the Dungeon)
  9853 | Lair:1   | Entered Level 1 of the Lair of Beasts
  9916 | Lair:1   | Reached skill level 5 in Conjurations
  9916 | Lair:1   | Reached skill level 5 in Hexes
  9916 | Lair:1   | Reached skill level 5 in Charms
  9916 | Lair:1   | Reached skill level 5 in Summonings
  9916 | Lair:1   | Reached skill level 5 in Necromancy
  9916 | Lair:1   | Reached skill level 5 in Translocations
  9916 | Lair:1   | Reached skill level 5 in Transmutations
  9916 | Lair:1   | Reached skill level 5 in Fire Magic
  9916 | Lair:1   | Reached skill level 5 in Ice Magic
  9916 | Lair:1   | Reached skill level 5 in Air Magic
  9916 | Lair:1   | Reached skill level 5 in Earth Magic
  9916 | Lair:1   | Reached skill level 5 in Poison Magic
 10371 | Lair:1   | Noticed an oklob plant
 10593 | Lair:1   | Found a hide-covered altar of Uskayaw.
 10811 | Lair:1   | Reached skill level 7 in Invocations
 10817 | Lair:1   | Reached ***** piety under Okawaru
 10828 | Lair:1   | Reached skill level 8 in Staves
 10828 | Lair:1   | Reached skill level 7 in Throwing
 10828 | Lair:1   | Reached skill level 7 in Shields
 10940 | Lair:1   | Received a gift from Okawaru
 11310 | Lair:2   | Noticed an oklob plant
 11394 | Lair:2   | HP: 23/89 [komodo dragon (20)]
 11741 | Lair:2   | Got a transparent shortbow
 11762 | Lair:2   | Reached XP level 12. HP: 54/96 MP: 22/22
 12768 | Lair:3   | Found a hole to the Spider Nest.
 12871 | Lair:3   | Reached skill level 7 in Short Blades
 12871 | Lair:3   | Reached skill level 7 in Long Blades
 12871 | Lair:3   | Reached skill level 7 in Axes
 12871 | Lair:3   | Reached skill level 7 in Maces & Flails
 12871 | Lair:3   | Reached skill level 7 in Polearms
 12871 | Lair:3   | Reached skill level 7 in Slings
 12871 | Lair:3   | Reached skill level 7 in Bows
 12871 | Lair:3   | Reached skill level 7 in Crossbows
 12871 | Lair:3   | Reached skill level 7 in Armour
 12871 | Lair:3   | Reached skill level 7 in Stealth
 12871 | Lair:3   | Reached skill level 7 in Unarmed Combat
 12871 | Lair:3   | Reached skill level 7 in Spellcasting
 12871 | Lair:3   | Reached skill level 7 in Evocations
 13275 | Lair:3   | Received a gift from Okawaru
 13317 | Lair:3   | Reached skill level 6 in Conjurations
 13317 | Lair:3   | Reached skill level 6 in Hexes
 13317 | Lair:3   | Reached skill level 6 in Charms
 13317 | Lair:3   | Reached skill level 6 in Summonings
 13317 | Lair:3   | Reached skill level 6 in Necromancy
 13317 | Lair:3   | Reached skill level 6 in Translocations
 13317 | Lair:3   | Reached skill level 6 in Transmutations
 13317 | Lair:3   | Reached skill level 6 in Fire Magic
 13317 | Lair:3   | Reached skill level 6 in Ice Magic
 13317 | Lair:3   | Reached skill level 6 in Air Magic
 13317 | Lair:3   | Reached skill level 6 in Earth Magic
 13317 | Lair:3   | Reached skill level 6 in Poison Magic
 13499 | Lair:3   | Noticed a five-headed hydra
 13516 | Lair:3   | Reached skill level 8 in Invocations
 13526 | Lair:3   | Killed a five-headed hydra
 13567 | Lair:3   | Received a gift from Okawaru
 13607 | Lair:3   | Reached ****** piety under Okawaru
 13831 | Lair:3   | Reached skill level 10 in Fighting
 13831 | Lair:3   | Reached skill level 8 in Throwing
 13831 | Lair:3   | Reached skill level 10 in Dodging
 13831 | Lair:3   | Reached skill level 8 in Shields
 13857 | Lair:3   | Noticed a queen ant
 13884 | Lair:3   | Killed a queen ant
 14216 | Lair:3   | Reached skill level 9 in Staves
 14392 | Lair:3   | Found a staircase to the Shoals.
 14906 | Lair:4   | Reached XP level 13. HP: 72/103 MP: 24/24
 15144 | Lair:4   | Found a runed gate.
 15144 | Lair:4   | Found a runed gate.
 15144 | Lair:4   | Found a runed gate.
 15149 | Lair:4   | Noticed Xodoxeg's ghost (journeyman NaWz)
 15896 | Lair:4   | Reached skill level 8 in Short Blades
 15896 | Lair:4   | Reached skill level 8 in Long Blades
 15896 | Lair:4   | Reached skill level 8 in Axes
 15896 | Lair:4   | Reached skill level 8 in Maces & Flails
 15896 | Lair:4   | Reached skill level 8 in Polearms
 15896 | Lair:4   | Reached skill level 8 in Slings
 15896 | Lair:4   | Reached skill level 8 in Bows
 15896 | Lair:4   | Reached skill level 8 in Crossbows
 15896 | Lair:4   | Reached skill level 8 in Armour
 15896 | Lair:4   | Reached skill level 8 in Stealth
 15896 | Lair:4   | Reached skill level 8 in Unarmed Combat
 15896 | Lair:4   | Reached skill level 8 in Spellcasting
 15896 | Lair:4   | Reached skill level 8 in Evocations
 16344 | Lair:5   | Noticed Urug
 16362 | Lair:5   | Killed Urug
 17109 | Lair:5   | Received a gift from Okawaru
 17110 | Lair:5   | Got a crystal quick blade {god gift}
 17113 | Lair:5   | Identified the +3 quick blade "Vaesuri" {venom, rC+ rN+
                  | Str+4} (Okawaru gifted it to you on level 5 of the Lair of
                  | Beasts)
 17303 | Lair:5   | Found a runed door.
 17303 | Lair:5   | Found a viscous altar of Jiyva.
 17303 | Lair:5   | Found a staircase to the Slime Pits.
 17444 | Lair:6   | Entered Level 6 of the Lair of Beasts
 17453 | Lair:6   | Reached skill level 9 in Invocations
 17789 | Lair:6   | Reached skill level 7 in Conjurations
 17789 | Lair:6   | Reached skill level 7 in Hexes
 17789 | Lair:6   | Reached skill level 7 in Charms
 17789 | Lair:6   | Reached skill level 7 in Summonings
 17789 | Lair:6   | Reached skill level 7 in Necromancy
 17789 | Lair:6   | Reached skill level 7 in Translocations
 17789 | Lair:6   | Reached skill level 7 in Transmutations
 17789 | Lair:6   | Reached skill level 7 in Fire Magic
 17789 | Lair:6   | Reached skill level 7 in Ice Magic
 17789 | Lair:6   | Reached skill level 7 in Air Magic
 17789 | Lair:6   | Reached skill level 7 in Earth Magic
 17789 | Lair:6   | Reached skill level 7 in Poison Magic
 17803 | Lair:6   | Got a dazzling quarterstaff
 17806 | Lair:6   | Got a steaming chain mail
 18239 | Lair:6   | Received a gift from Okawaru
 18240 | Lair:6   | Got a slimy lajatang {god gift}
 18241 | Lair:6   | Identified the +5 lajatang "Atzet" {slice, +Fly rF+ rN+
                  | Dex+5} (Okawaru gifted it to you on level 6 of the Lair of
                  | Beasts)
 18479 | Lair:6   | Reached skill level 9 in Throwing
 18479 | Lair:6   | Reached skill level 9 in Shields
 18577 | Lair:6   | Paralysed by a hornet for 2 turns
 18875 | Lair:6   | Reached XP level 14. HP: 98/111 MP: 26/26
 19016 | Lair:6   | Received a gift from Okawaru
 19315 | Lair:1   | Identified the +3 chain mail "Kophal" {Slay+3} (You found
                  | it on level 6 of the Lair of Beasts)
 19347 | Lair:1   | Identified the cursed +1 quarterstaff "Owyuplum" {venom,
                  | rC+ Dex+4} (You found it on level 6 of the Lair of Beasts)
 19788 | D:11     | Found a staircase to the Orcish Mines.
 19872 | D:11     | Found Ahoot's Magic Scroll Shoppe.
 19875 | D:11     | Bought a scroll of holy word for 82 gold pieces
 20351 | D:12     | Reached skill level 10 in Staves
 20396 | D:12     | Found a flagged portal.
 20404 | Bailey   | Entered a bailey
 20834 | Bailey   | Got a steaming executioner's axe
 21069 | D:12     | Reached skill level 11 in Fighting
 21069 | D:12     | Reached skill level 11 in Dodging
 21075 | D:12     | Reached skill level 9 in Short Blades
 21075 | D:12     | Reached skill level 9 in Long Blades
 21075 | D:12     | Reached skill level 9 in Axes
 21075 | D:12     | Reached skill level 9 in Maces & Flails
 21075 | D:12     | Reached skill level 9 in Polearms
 21075 | D:12     | Reached skill level 9 in Slings
 21075 | D:12     | Reached skill level 9 in Bows
 21075 | D:12     | Reached skill level 9 in Crossbows
 21075 | D:12     | Reached skill level 9 in Armour
 21075 | D:12     | Reached skill level 9 in Stealth
 21075 | D:12     | Reached skill level 9 in Unarmed Combat
 21075 | D:12     | Reached skill level 9 in Spellcasting
 21075 | D:12     | Reached skill level 9 in Evocations
 22083 | Orc:1    | Entered Level 1 of the Orcish Mines
 22110 | Orc:1    | Received a gift from Okawaru
 22127 | Orc:1    | Got a smoking scale mail {god gift}
 22608 | Orc:2    | Entered Level 2 of the Orcish Mines
 22679 | Orc:2    | Noticed Azrael
 22754 | Orc:2    | Killed Azrael
 22754 | Orc:2    | Reached skill level 10 in Invocations
 22918 | Orc:2    | Found a staircase to the Elven Halls.
 24240 | Orc:2    | Reached skill level 8 in Conjurations
 24240 | Orc:2    | Reached skill level 8 in Hexes
 24240 | Orc:2    | Reached skill level 8 in Charms
 24240 | Orc:2    | Reached skill level 8 in Summonings
 24240 | Orc:2    | Reached skill level 8 in Necromancy
 24240 | Orc:2    | Reached skill level 8 in Translocations
 24240 | Orc:2    | Reached skill level 8 in Transmutations
 24240 | Orc:2    | Reached skill level 8 in Fire Magic
 24240 | Orc:2    | Reached skill level 8 in Ice Magic
 24240 | Orc:2    | Reached skill level 8 in Air Magic
 24240 | Orc:2    | Reached skill level 8 in Earth Magic
 24240 | Orc:2    | Reached skill level 8 in Poison Magic
 24283 | Orc:2    | Found Iphotul's Book Shop.
 24285 | Orc:2    | Found Woffuud's General Store.
 24285 | Orc:2    | Found Ehostrayl's Weapon Shop.
 24286 | Orc:2    | Found Wumubayn's Magic Scroll Shop.
 24521 | Orc:2    | Bought a manual of Armour for 1766 gold pieces
 24521 | Orc:2    | Upgraded the game from 0.23-a0-338-g8ff0b24 to
                  | 0.23-a0-344-ge122d05
 24652 | D:13     | Noticed Sonja
 24655 | D:13     | Killed Sonja
 24655 | D:13     | Reached XP level 15. HP: 119/119 MP: 28/28
 25070 | D:13     | Found a gate to the Vaults.
 25090 | D:12     | Reached skill level 10 in Throwing
 25090 | D:12     | Reached skill level 10 in Shields
 25129 | D:12     | Received a gift from Okawaru
 25372 | D:13     | Reached skill level 10 in Armour
 25800 | D:14     | Received a gift from Okawaru
 26777 | Lair:1   | Identified the +4 scale mail of Tihaosyss {rCorr SInv}
                  | (Okawaru gifted it to you on level 1 of the Orcish Mines)
 27213 | D:14     | Found Xiom's Antique Weapon Emporium.
 27476 | D:14     | Identified Maret's Collected Works on Blistering Black
                  | Rites
 27498 | D:15     | Entered Level 15 of the Dungeon
 27498 | D:15     | Noticed Louise
 27742 | D:14     | Reached skill level 10 in Short Blades
 27742 | D:14     | Reached skill level 10 in Long Blades
 27742 | D:14     | Reached skill level 10 in Axes
 27742 | D:14     | Reached skill level 10 in Maces & Flails
 27742 | D:14     | Reached skill level 10 in Polearms
 27742 | D:14     | Reached skill level 10 in Slings
 27742 | D:14     | Reached skill level 10 in Bows
 27742 | D:14     | Reached skill level 10 in Crossbows
 27742 | D:14     | Reached skill level 10 in Stealth
 27742 | D:14     | Reached skill level 10 in Unarmed Combat
 27742 | D:14     | Reached skill level 10 in Spellcasting
 27742 | D:14     | Reached skill level 10 in Evocations
 27812 | D:13     | HP: 28/120 [white ugly thing (12)]
 28258 | D:14     | Reached skill level 11 in Staves
 28703 | D:15     | Paralysed by a wizard for 3 turns
 28734 | D:15     | Killed Louise
 28766 | D:15     | Reached skill level 11 in Invocations
 29035 | D:15     | Received a gift from Okawaru
 29279 | D:15     | Received a gift from Okawaru
 29428 | D:15     | Found a staircase to the Depths.
 29570 | D:15     | Received a gift from Okawaru
 29580 | D:15     | Reached skill level 12 in Fighting
 29580 | D:15     | Reached skill level 11 in Armour
 29580 | D:15     | Reached skill level 12 in Dodging
 30096 | Spider:1 | Entered Level 1 of the Spider Nest
 30105 | Lair:3   | Reached XP level 16. HP: 79/127 MP: 30/30
 30355 | Spider:1 | Received a gift from Okawaru
 30381 | Lair:3   | HP: 33/127 [redback (11)]
 30821 | Spider:1 | Noticed Asterion
 30845 | Spider:1 | Killed Asterion
 30845 | Spider:1 | Received a gift from Okawaru
 30939 | Spider:1 | Reached skill level 9 in Conjurations
 30939 | Spider:1 | Reached skill level 9 in Hexes
 30939 | Spider:1 | Reached skill level 9 in Charms
 30939 | Spider:1 | Reached skill level 9 in Summonings
 30939 | Spider:1 | Reached skill level 9 in Necromancy
 30939 | Spider:1 | Reached skill level 9 in Translocations
 30939 | Spider:1 | Reached skill level 9 in Transmutations
 30939 | Spider:1 | Reached skill level 9 in Fire Magic
 30939 | Spider:1 | Reached skill level 9 in Ice Magic
 30939 | Spider:1 | Reached skill level 9 in Air Magic
 30939 | Spider:1 | Reached skill level 9 in Earth Magic
 30939 | Spider:1 | Reached skill level 9 in Poison Magic
 31503 | Spider:1 | Got a jewelled ring mail
 31570 | Spider:1 | You fall through a shaft!
 31577 | Spider:2 | Noticed Roxanne
 31698 | Spider:2 | Killed Roxanne
 31698 | Spider:2 | Received a gift from Okawaru
 31794 | Spider:2 | Identified the +2 ring mail of the Thirteen Suns {MR+} (You
                  | found it on level 1 of the Spider Nest)
 31882 | Spider:2 | Reached skill level 11 in Throwing
 31882 | Spider:2 | Reached skill level 11 in Shields
 32460 | Spider:2 | Received a gift from Okawaru
 33396 | Spider:3 | Received a gift from Okawaru
 33563 | Spider:3 | Reached skill level 12 in Armour
 33833 | Spider:3 | Received a gift from Okawaru
 34193 | Spider:3 | Reached skill level 11 in Short Blades
 34193 | Spider:3 | Reached skill level 11 in Long Blades
 34193 | Spider:3 | Reached skill level 11 in Axes
 34193 | Spider:3 | Reached skill level 11 in Maces & Flails
 34193 | Spider:3 | Reached skill level 11 in Polearms
 34193 | Spider:3 | Reached skill level 11 in Slings
 34193 | Spider:3 | Reached skill level 11 in Bows
 34193 | Spider:3 | Reached skill level 11 in Crossbows
 34193 | Spider:3 | Reached skill level 11 in Stealth
 34193 | Spider:3 | Reached skill level 11 in Unarmed Combat
 34193 | Spider:3 | Reached skill level 11 in Spellcasting
 34193 | Spider:3 | Reached skill level 11 in Evocations
 34972 | Spider:3 | Reached XP level 17. HP: 122/135 MP: 0/32
 35518 | Spider:4 | Entered Level 4 of the Spider Nest
 35535 | Spider:3 | Reached skill level 12 in Invocations
 35610 | Spider:4 | Received a gift from Okawaru
 35756 | Spider:4 | Cast into level 4 of the Abyss (a Zot trap)
 35756 | Abyss:4  | Found a corrupted altar of Lugonu.
 35812 | Abyss:4  | Noticed a bone dragon
 35846 | Abyss:4  | Killed a bone dragon
 35846 | Abyss:4  | Reached skill level 12 in Staves
 36077 | Abyss:4  | HP: 30/135 [starcursed mass/accursed screaming (11)]
 36081 | Abyss:4  | Paralysed by accursed screaming for 1 turns
 36085 | Abyss:4  | HP: 25/135 [starcursed mass/accursed screaming (10)]
 36085 | Abyss:4  | Paralysed by accursed screaming for 1 turns
 36088 | Abyss:4  | HP: 10/135 [starcursed mass/accursed screaming (14)]
 36096 | Abyss:4  | HP: 13/135 [starcursed mass/accursed screaming (7)]
 36600 | Abyss:4  | HP: 35/135 [nagaraja/+0 flail (10)]
 36603 | Abyss:4  | HP: 16/135 [entropy weaver (11)]
 36603 | Abyss:4  | HP: 7/135 [nagaraja/+0 flail (3)]
 36604 | Abyss:4  | HP: 3/135 [nagaraja/+0 flail (4)]
 36605 | Abyss:4  | Succumbed to a nagaraja's poison arrow

Vault maps used:
D:1:      sevenhm_arrival_forest_fort_small_2
D:2:      minmay_misc_feat_iff, minmay_tree_intersection, serial_bayou_pond_d,
          uniq_terence
D:3:      elyvilon_altar_4
D:4:      cheibrodos_pilgrimage, grunt_temple_overflow_holy_war,
          chequers_temple_overflow_minitemple
D:5:      portal_sewer_entry_b, first_ration, tso_metal_star, uniq_ijyb,
          uniq_eustachio
D:6:      amethyst_overflow_temple_binary, minmay_temple_entry_poolview,
          nemelex_xobeh_ov_fountains_minmay
D:7:      the_bakery, nicolae_dithmenos_the_darkroom
D:8:      hangedman_ru_absence
D:9:      chequers_serial_rivers_micro_a
D:10:     lair_entry_dummy
D:11:     orc_0_dummy, serial_shops, kennysheep_mini
D:12:     enter_bailey_3, dk_noncrumbling_2
D:13:     erik_vaults_2, kennysheep_generic_room_7, uniq_sonja
D:14:     serial_shops, shop_fountains, serial_co_window_serial,
          co_window_paths_b, co_window_paths_a, co_window_corner_a,
          co_window_paths_a, co_window_paths_a, co_window_corner_a,
          co_window_of_opportunity_a, co_window_broadway_c, co_window_corner_ca,
          co_window_of_opportunity_b, co_window_broadway_c, co_window_4corner_b,
          glass_columns_c, glass_columns_c, glass_columns_a, glass_columns_a,
          basic_loot_grate_trap, nrook_guardian_serpent_ordinary
D:15:     grunt_enter_depths_hoard, uniq_louise
Temple:   eino_temple_water
Lair:1:   beast_lair_carwin_large_2, lemuel_centaur_altar,
          minmay_lair_oklob_chamber
Lair:2:   grunt_megastairs_3
Lair:3:   minmay_shoals_entry_lonely_mermaid, spider_nest_entry_web_field,
          minivault_29, wad_woods_river_01, lemuel_fruit_tree
Lair:4:   ebering_ghost_rock_garden, kennysheep_basilisk_garden,
          grunt_megastairs_2
Lair:5:   slime_altar_2, uniq_urug
Lair:6:   hangedman_lair_tendril_chambers
Spider:1: nicolae_spider_mines_1, uniq_asterion
Spider:2: spider_trap, uniq_roxanne
Spider:4: spider_rune_water
Orc:2:    st_orc_pillars, uniq_azrael
Abyss:4:  evilmike_abyss_exit_mutagenic, hangedman_steaming_rock,
          nicolae_abyss_rune_left_handed
Sewer:    sewer_co_15_rooms
Bailey:   bailey_polearm_2, bailey

Skill      XL: |  1  2  3  4  5  6  7  8  9 10 11 12 13 14 15 16 17 |
---------------+----------------------------------------------------+-----
Invocations    | 1 2 3 4 5 6 7 8 9 10 11 12 | 12.2
Short Blades   | 1 2 3 4 5 6 7 8 9 10 11 | 11.2
Long Blades    | 1 2 3 4 5 6 7 8 9 10 11 | 11.2
Axes           | 1 2 3 4 5 6 7 8 9 10 11 | 11.2
Maces & Flails | 1 2 3 4 5 6 7 8 9 10 11 | 11.2
Polearms       | 1 2 3 4 5 6 7 8 9 10 11 | 11.2
Slings         | 1 2 3 4 5 6 7 8 9 10 11 | 11.2
Bows           | 1 2 3 4 5 6 7 8 9 10 11 | 11.2
Crossbows      | 1 2 3 4 5 6 7 8 9 10 11 | 11.2
Armour         | 1 2 3 4 5 6 7 8 9 11 12 | 12.7
Stealth        | 1 2 3 4 5 6 7 8 9 10 11 | 11.2
Unarmed Combat | 1 2 3 4 5 6 7 8 9 10 11 | 11.2
Spellcasting   | 1 2 3 4 5 6 7 8 9 10 11 | 11.2
Evocations     | 1 2 3 4 5 6 7 8 9 10 11 | 11.2
Conjurations   | 1 2 3 4 5 6 7 8 9 |  9.6
Hexes          | 1 2 3 4 5 6 7 8 9 |  9.6
Charms         | 1 2 3 4 5 6 7 8 9 |  9.6
Summonings     | 1 2 3 4 5 6 7 8 9 |  9.6
Necromancy     | 1 2 3 4 5 6 7 8 9 |  9.6
Translocations | 1 2 3 4 5 6 7 8 9 |  9.6
Transmutations | 1 2 3 4 5 6 7 8 9 |  9.6
Fire Magic     | 1 2 3 4 5 6 7 8 9 |  9.6
Ice Magic      | 1 2 3 4 5 6 7 8 9 |  9.6
Air Magic      | 1 2 3 4 5 6 7 8 9 |  9.6
Earth Magic    | 1 2 3 4 5 6 7 8 9 |  9.6
Poison Magic   | 1 2 3 4 5 6 7 8 9 |  9.6
Throwing       | 3 4 5 6 7 8 9 10 11 | 11.5
Shields        | 3 4 5 6 7 8 9 10 11 | 11.5
Staves         | 5 6 7 8 9 10 11 12 | 12.0
Fighting       | 7 8 9 10 11 12 | 12.7
Dodging        | 7 8 9 10 11 12 | 12.7

Action                   |  1- 3 |  4- 6 |  7- 9 | 10-12 | 13-15 | 16-18 || total
-------------------------+-------+-------+-------+-------+-------+-------++-------
Melee: Quarterstaff      |    94 |   133 |   406 |   898 |   288 |       ||  1819
       Bite              |    11 |    18 |    53 |   160 |   133 |    71 ||   446
       Unarmed           |       |       |    23 |       |       |       ||    23
       Lajatang          |       |       |       |       |   503 |   414 ||   917
       Long sword        |       |       |       |       |       |    15 ||    15
       Punch             |       |       |       |       |       |     2 ||     2
 Fire: Longbow           |       |       |    24 |   329 |   636 |   220 ||  1209
Throw: Stone             |       |     4 |     1 |       |       |       ||     5
       Tomahawk          |       |       |     3 |     2 |     1 |       ||     6
       Javelin           |       |       |       |       |     1 |       ||     1
Invok: Heroism           |       |       |     1 |     9 |    10 |     8 ||    28
       Finesse           |       |       |       |       |     1 |     4 ||     5
 Abil: Evoke Flight      |       |       |       |       |     5 |       ||     5
Evoke: Wand              |       |       |       |     9 |     3 |    16 ||    28
  Use: Scroll            |     3 |     4 |     9 |     6 |    11 |     6 ||    39
       Potion            |       |       |     1 |       |       |     9 ||    10
 Stab: Sleeping          |     2 |       |       |       |     1 |     1 ||     4
       Paralysed         |       |       |       |       |       |     2 ||     2
  Eat: Chunk             |       |     6 |    12 |    24 |    35 |    25 ||   102
       Ration            |       |       |     1 |       |     5 |     1 ||     7
Armor: Robe              |     2 |       |       |       |       |       ||     2
       Plate armour      |    48 |    83 |   210 |   304 |   135 |       ||   780
       Chain mail        |       |       |       |       |   199 |   330 ||   529
Dodge: Dodged            |    64 |    61 |   224 |   379 |   617 |   486 ||  1831
       Rpst.: Long sword |       |       |       |       |       |     1 ||     1

Table legend:
 A = Non-vault XP
 B = Vault XP
 C = Vault XP percentage of total XP
 D = Non-vault monster count
 E = Vault monster count
 F = Vault count percentage of total count
                 A         B        C        D         E       F
            +---------+---------+-------+---------+---------+-------
      Total |  142887 |   59186 |  29.3 |     696 |     255 |  26.8
            +---------+---------+-------+---------+---------+-------
        D:1 |      53 |      38 |  41.8 |      25 |       1 |   3.8
        D:2 |     114 |       0 |   0.0 |      28 |       0 |   0.0
        D:3 |     158 |       0 |   0.0 |      14 |       0 |   0.0
        D:4 |     881 |      53 |   5.7 |      23 |       5 |  17.9
        D:5 |     531 |     254 |  32.4 |      12 |       6 |  33.3
        D:6 |     930 |       0 |   0.0 |      20 |       0 |   0.0
        D:7 |     870 |     220 |  20.2 |      15 |       1 |   6.2
        D:8 |    2676 |       0 |   0.0 |      27 |       0 |   0.0
        D:9 |     926 |       0 |   0.0 |      23 |       0 |   0.0
       D:10 |    3374 |       0 |   0.0 |      41 |       0 |   0.0
       D:11 |    1549 |       0 |   0.0 |      15 |       0 |   0.0
       D:12 |    5064 |    5921 |  53.9 |      29 |      10 |  25.6
       D:13 |    3669 |    3206 |  46.6 |      11 |       5 |  31.2
       D:14 |   13891 |     905 |   6.1 |      44 |       2 |   4.3
       D:15 |   11036 |    3660 |  24.9 |      27 |       3 |  10.0
     Lair:1 |    3484 |    1950 |  35.9 |      18 |      12 |  40.0
     Lair:2 |    2374 |     978 |  29.2 |      11 |       4 |  26.7
     Lair:3 |    7341 |    5889 |  44.5 |      27 |      44 |  62.0
     Lair:4 |    5611 |    1950 |  25.8 |      20 |       9 |  31.0
     Lair:5 |    2766 |     855 |  23.6 |      11 |       1 |   8.3
     Lair:6 |    5449 |   10028 |  64.8 |      12 |      34 |  73.9
   Spider:1 |   11928 |    3994 |  25.1 |      37 |       5 |  11.9
   Spider:2 |   12122 |    1956 |  13.9 |      40 |       1 |   2.4
   Spider:3 |   23629 |       0 |   0.0 |      64 |       0 |   0.0
   Spider:4 |    4054 |       0 |   0.0 |      14 |       0 |   0.0
      Orc:1 |    3595 |     266 |   6.9 |      42 |       2 |   4.5
      Orc:2 |    2141 |   13889 |  86.6 |      18 |      68 |  79.1
    Abyss:4 |   12671 |     847 |   6.3 |      28 |       1 |   3.4
      Sewer |       0 |     268 | 100.0 |       0 |      15 | 100.0
     Bailey |       0 |    2059 | 100.0 |       0 |      26 | 100.0
            +---------+---------+-------+---------+---------+-------

Table legend:
 A = Turns spent in this place as a percentage of turns spent in the entire game.
 B = Non-inter-level travel turns spent in this place as a percentage of non-inter-level travel turns spent in the entire game.
 C = Inter-level travel turns spent in this place as a percentage of turns spent in this place.
 D = Turns resting spent in this place as a percentage of non-inter-level travel turns spent in this place.
 E = Turns spent auto-exploring this place as a percentage of non-inter-level travel turns spent in this place.
 F = Non-inter-level travel turns spent in this place divided by the number of levels of this place that you've seen.
                   A       B       C       D       E      F
               +-------+-------+-------+-------+-------+----------------------
         Total | 100.0 | 100.0 |   7.0 |  25.4 |  33.7 | 1098.2
       Dungeon |  45.1 |  45.6 |   5.9 |  19.6 |  41.5 | 1036.0
        Temple |   0.6 |   0.5 |  16.6 |   0.0 |  97.8 | 181.0
          Lair |  29.3 |  28.2 |  10.4 |  27.8 |  31.5 | 1602.3
   Spider Nest |  13.1 |  13.4 |   5.4 |  34.8 |  26.8 | 1137.0
  Orcish Mines |   6.9 |   6.9 |   7.0 |  26.8 |  19.3 | 1169.5
         Abyss |   2.3 |   2.5 |   0.0 |  69.1 |   0.0 | 849.0
         Sewer |   1.1 |   1.2 |   0.0 |  12.6 |  26.9 | 412.0
        Bailey |   1.5 |   1.6 |   0.0 |  13.0 |   8.7 | 561.0
               +-------+-------+-------+-------+-------+----------------------

Vault maps used:
D:1:      sevenhm_arrival_forest_fort_small_2
D:2:      minmay_misc_feat_iff, minmay_tree_intersection, serial_bayou_pond_d,
          uniq_terence
D:3:      elyvilon_altar_4
D:4:      cheibrodos_pilgrimage, grunt_temple_overflow_holy_war,
          chequers_temple_overflow_minitemple
D:5:      portal_sewer_entry_b, first_ration, tso_metal_star, uniq_ijyb,
          uniq_eustachio
D:6:      amethyst_overflow_temple_binary, minmay_temple_entry_poolview,
          nemelex_xobeh_ov_fountains_minmay
D:7:      the_bakery, nicolae_dithmenos_the_darkroom
D:8:      hangedman_ru_absence
D:9:      chequers_serial_rivers_micro_a
D:10:     lair_entry_dummy
D:11:     orc_0_dummy, serial_shops, kennysheep_mini
D:12:     enter_bailey_3, dk_noncrumbling_2
D:13:     erik_vaults_2, kennysheep_generic_room_7, uniq_sonja
D:14:     serial_shops, shop_fountains, serial_co_window_serial,
          co_window_paths_b, co_window_paths_a, co_window_corner_a,
          co_window_paths_a, co_window_paths_a, co_window_corner_a,
          co_window_of_opportunity_a, co_window_broadway_c, co_window_corner_ca,
          co_window_of_opportunity_b, co_window_broadway_c, co_window_4corner_b,
          glass_columns_c, glass_columns_c, glass_columns_a, glass_columns_a,
          basic_loot_grate_trap, nrook_guardian_serpent_ordinary
D:15:     grunt_enter_depths_hoard, uniq_louise
Temple:   eino_temple_water
Lair:1:   beast_lair_carwin_large_2, lemuel_centaur_altar,
          minmay_lair_oklob_chamber
Lair:2:   grunt_megastairs_3
Lair:3:   minmay_shoals_entry_lonely_mermaid, spider_nest_entry_web_field,
          minivault_29, wad_woods_river_01, lemuel_fruit_tree
Lair:4:   ebering_ghost_rock_garden, kennysheep_basilisk_garden,
          grunt_megastairs_2
Lair:5:   slime_altar_2, uniq_urug
Lair:6:   hangedman_lair_tendril_chambers
Spider:1: nicolae_spider_mines_1, uniq_asterion
Spider:2: spider_trap, uniq_roxanne
Spider:4: spider_rune_water
Orc:2:    st_orc_pillars, uniq_azrael
Abyss:4:  evilmike_abyss_exit_mutagenic, hangedman_steaming_rock,
          nicolae_abyss_rune_left_handed
Sewer:    sewer_co_15_rooms
Bailey:   bailey_polearm_2, bailey
